[ AOE2 MATCH · #458492153 ]
1v1 RMSicilians vs Turks
Player's team · WIN
Rival team · LOSS
[ REPLAY ANALYSIS · EXTRACTED FROM THE RECORDED GAME ]
Feudal
8:56
Castle
23:42
Imperial
—
| APM avg | 49.4 |
| APM peak | 100 |
| eAPM avg | 23.3 |
| Villagers / military | 54 / 27 |
Focus
⚔️ 35.9% · 🌾 64.1%
Spearman ×8 · Knight ×7 · Serjeant ×6 · Skirmisher ×6
Feudal
9:16
Castle
—
Imperial
—
| APM avg | 52.9 |
| APM peak | 80 |
| eAPM avg | 26.3 |
| Villagers / military | 77 / 20 |
Focus
⚔️ 39.9% · 🌾 60.1%
Scout Cavalry ×15 · Spearman ×5
Match map
Initial resources + every placement click. Lines = walls · curves = elevation contours. ◆ gold · ⬟ stone · ● berries · ✦ relic · ◌ wall gap
Your base· ✓ Closed at 23:42 · 64t walls · 1 gate(s)
CHÓ GHẺ DŨNG CẢM's base· ✓ Closed at 23:58 · 40t walls · no gate
Smoothed initial terrain · ◌ = detected wall gap · hover for details
Inputs per minute
— 闲人肥羊 - - CHÓ GHẺ DŨNG CẢM
Build order — 闲人肥羊
First 150 of 167 actions detected
| 0:01 | Create | Villager (Male) |
| 0:01 | Create | Villager (Male) |
| 0:01 | Create | Villager (Male) |
| 0:02 | Create | Villager (Male) |
| 0:02 | Build | House |
| 0:03 | Build | House |
| 1:42 | Create | Villager (Male) |
| 1:42 | Create | Villager (Male) |
| 2:02 | Create | Villager (Male) |
| 2:20 | Build | Lumber Camp |
| 2:33 | Create | Villager (Male) |
| 2:48 | Create | Villager (Male) |
| 3:07 | Create | Villager (Male) |
| 3:20 | Create | Villager (Male) |
| 3:43 | Create | Villager (Male) |
| 4:13 | Build | Mill |
| 4:40 | Research | Loom |
| 4:43 | Build | House |
| 5:01 | Create | Villager (Male) |
| 5:02 | Create | Villager (Male) |
| 5:02 | Create | Villager (Male) |
| 5:26 | Create | Villager (Male) |
| 5:27 | Create | Villager (Male) |
| 6:39 | Research | Feudal Age |
| 6:42 | Build | Mill |
| 7:17 | Build | Donjon |
| 7:55 | Build | Palisade Wall |
| 7:57 | Build | Palisade Wall |
| 7:57 | Build | Palisade Wall |
| 7:58 | Build | Palisade Wall |
| 7:59 | Build | Palisade Wall |
| 7:59 | Build | Palisade Wall |
| 8:21 | Build | House |
| 8:32 | Build | Palisade Wall |
| 8:36 | Build | Palisade Wall |
| 8:40 | Create | Villager (Male) |
| 8:56 | Age | Feudal Age |
| 9:02 | Create | Serjeant |
| 9:02 | Create | Serjeant |
| 9:05 | Research | Double-Bit Axe |
| 9:12 | Build | Mining Camp |
| 9:21 | Create | Villager (Male) |
| 9:41 | Build | House |
| 9:46 | Create | Villager (Male) |
| 10:09 | Create | Spearman |
| 10:09 | Create | Spearman |
| 10:10 | Create | Villager (Male) |
| 10:29 | Build | Archery Range |
| 10:36 | Create | Villager (Male) |
| 10:39 | Research | Horse Collar |
| 10:50 | Create | Villager (Male) |
| 10:54 | Build | House |
| 10:55 | Build | House |
| 11:17 | Build | Farm |
| 11:28 | Create | Villager (Male) |
| 11:32 | Build | Farm |
| 11:32 | Build | Farm |
| 11:33 | Build | Farm |
| 11:33 | Build | Farm |
| 11:42 | Create | Villager (Male) |
| 11:43 | Create | Skirmisher |
| 11:43 | Create | Skirmisher |
| 12:01 | Create | Villager (Male) |
| 12:07 | Create | Villager (Male) |
| 12:09 | Build | Farm |
| 12:09 | Build | Farm |
| 12:09 | Build | Farm |
| 12:10 | Build | Farm |
| 12:18 | Create | Villager (Male) |
| 12:32 | Create | Skirmisher |
| 12:41 | Build | Mining Camp |
| 12:58 | Create | Villager (Male) |
| 13:00 | Create | Skirmisher |
| 13:15 | Build | Palisade Wall |
| 13:19 | Build | Palisade Wall |
| 13:22 | Build | House |
| 13:23 | Build | House |
| 13:27 | Create | Villager (Male) |
| 13:30 | Build | Farm |
| 13:45 | Build | Farm |
| 13:57 | Create | Villager (Male) |
| 14:02 | Create | Skirmisher |
| 14:24 | Create | Villager (Male) |
| 14:30 | Create | Serjeant |
| 14:31 | Create | Serjeant |
| 14:39 | Create | Villager (Male) |
| 14:40 | Build | Farm |
| 14:42 | Build | Farm |
| 14:45 | Build | Farm |
| 14:52 | Create | Spearman |
| 14:56 | Build | Farm |
| 15:02 | Create | Villager (Male) |
| 15:06 | Create | Skirmisher |
| 15:10 | Build | Palisade Gate |
| 15:26 | Build | Lumber Camp |
| 15:35 | Create | Villager (Male) |
| 15:37 | Build | Palisade Wall |
| 15:41 | Create | Serjeant |
| 15:46 | Create | Serjeant |
| 15:55 | Build | Farm |
| 16:03 | Create | Villager (Male) |
| 16:12 | Build | Mining Camp |
| 16:25 | Create | Villager (Male) |
| 16:30 | Build | House |
| 16:31 | Build | House |
| 16:47 | Create | Villager (Male) |
| 16:52 | Build | Palisade Wall |
| 16:56 | Build | Palisade Wall |
| 17:03 | Build | House |
| 17:05 | Build | Palisade Wall |
| 17:07 | Build | Palisade Wall |
| 17:10 | Build | Lumber Camp |
| 17:20 | Create | Villager (Male) |
| 17:27 | Build | Farm |
| 17:32 | Build | Palisade Wall |
| 17:37 | Build | House |
| 17:41 | Build | Palisade Wall |
| 17:43 | Build | House |
| 17:55 | Build | Palisade Wall |
| 18:07 | Create | Villager (Male) |
| 18:23 | Build | House |
| 18:25 | Build | Palisade Wall |
| 18:30 | Create | Spearman |
| 18:30 | Create | Spearman |
| 18:38 | Create | Villager (Male) |
| 18:38 | Create | Villager (Male) |
| 18:51 | Build | Palisade Wall |
| 18:57 | Create | Spearman |
| 19:05 | Build | Donjon |
| 19:10 | Create | Villager (Male) |
| 19:42 | Build | House |
| 19:47 | Create | Villager (Male) |
| 19:59 | Build | Market |
| 20:16 | Create | Villager (Male) |
| 21:02 | Research | Castle Age |
| 21:19 | Create | Villager (Male) |
| 21:32 | Build | Stable |
| 21:43 | Create | Villager (Male) |
| 22:01 | Create | Spearman |
| 22:01 | Create | Spearman |
| 22:18 | Build | Farm |
| 22:19 | Build | Farm |
| 22:23 | Research | Bloodlines |
| 22:36 | Build | Blacksmith |
| 23:15 | Research | Scale Barding Armor |
| 23:18 | Build | Stable |
| 23:27 | Create | Villager (Male) |
| 23:28 | Research | Gold Mining |
| 23:42 | Age | Castle Age |
| 23:42 | Research | Forging |
Build order — CHÓ GHẺ DŨNG CẢM
First 150 of 180 actions detected
| 0:00 | Create | Villager (Male) |
| 0:01 | Create | Villager (Male) |
| 0:01 | Create | Villager (Male) |
| 0:02 | Build | House |
| 0:03 | Build | House |
| 0:07 | Create | Villager (Male) |
| 0:07 | Create | Villager (Male) |
| 1:25 | Create | Villager (Male) |
| 2:02 | Create | Villager (Male) |
| 2:10 | Build | Lumber Camp |
| 2:16 | Create | Villager (Male) |
| 2:43 | Create | Villager (Male) |
| 2:43 | Create | Villager (Male) |
| 3:04 | Create | Villager (Male) |
| 3:25 | Build | House |
| 3:36 | Create | Villager (Male) |
| 3:37 | Create | Villager (Male) |
| 4:11 | Create | Villager (Male) |
| 4:30 | Create | Villager (Male) |
| 4:41 | Build | Mill |
| 5:01 | Create | Villager (Male) |
| 5:02 | Create | Villager (Male) |
| 5:02 | Create | Villager (Male) |
| 5:26 | Create | Villager (Male) |
| 5:27 | Create | Villager (Male) |
| 6:33 | Research | Loom |
| 7:00 | Research | Feudal Age |
| 7:32 | Build | Lumber Camp |
| 8:06 | Build | House |
| 8:38 | Build | Barracks |
| 9:16 | Age | Feudal Age |
| 9:19 | Create | Villager (Male) |
| 9:26 | Create | Villager (Male) |
| 9:39 | Build | Stable |
| 9:47 | Research | Double-Bit Axe |
| 9:47 | Research | Double-Bit Axe |
| 9:48 | Create | Villager (Male) |
| 10:02 | Create | Spearman |
| 10:18 | Create | Villager (Male) |
| 10:21 | Build | House |
| 10:26 | Create | Scout Cavalry |
| 10:26 | Create | Scout Cavalry |
| 10:30 | Create | Villager (Male) |
| 10:30 | Create | Villager (Male) |
| 10:34 | Research | Horse Collar |
| 10:40 | Create | Villager (Male) |
| 10:40 | Create | Villager (Male) |
| 10:46 | Build | Palisade Wall |
| 10:50 | Build | Palisade Wall |
| 10:56 | Create | Villager (Male) |
| 10:58 | Build | Farm |
| 11:00 | Build | Farm |
| 11:03 | Build | Farm |
| 11:48 | Create | Villager (Male) |
| 11:49 | Create | Villager (Male) |
| 11:49 | Create | Villager (Male) |
| 11:50 | Build | Farm |
| 11:51 | Build | Farm |
| 12:07 | Create | Spearman |
| 12:20 | Create | Villager (Male) |
| 12:27 | Build | Farm |
| 12:31 | Build | Farm |
| 12:33 | Create | Villager (Male) |
| 12:39 | Build | Palisade Wall |
| 12:39 | Build | Palisade Wall |
| 12:40 | Create | Villager (Male) |
| 12:50 | Build | Palisade Wall |
| 12:52 | Build | Palisade Wall |
| 12:54 | Build | Palisade Wall |
| 12:59 | Create | Spearman |
| 13:05 | Create | Villager (Male) |
| 13:06 | Create | Villager (Male) |
| 13:06 | Create | Villager (Male) |
| 13:17 | Create | Villager (Male) |
| 13:33 | Build | Farm |
| 13:35 | Create | Villager (Male) |
| 13:37 | Create | Villager (Male) |
| 13:50 | Build | House |
| 13:52 | Build | House |
| 13:55 | Create | Villager (Male) |
| 13:55 | Create | Villager (Male) |
| 14:09 | Create | Scout Cavalry |
| 14:09 | Create | Scout Cavalry |
| 14:16 | Create | Scout Cavalry |
| 14:26 | Create | Villager (Male) |
| 14:26 | Create | Villager (Male) |
| 14:27 | Create | Villager (Male) |
| 14:29 | Build | Farm |
| 14:52 | Create | Scout Cavalry |
| 14:56 | Build | Farm |
| 14:59 | Build | House |
| 15:00 | Build | House |
| 15:01 | Build | Palisade Wall |
| 15:12 | Create | Villager (Male) |
| 15:12 | Create | Villager (Male) |
| 15:12 | Create | Villager (Male) |
| 15:26 | Create | Scout Cavalry |
| 15:30 | Build | Farm |
| 15:40 | Build | Farm |
| 15:42 | Create | Villager (Male) |
| 15:42 | Create | Villager (Male) |
| 15:55 | Build | Blacksmith |
| 15:56 | Build | House |
| 16:01 | Create | Villager (Male) |
| 16:01 | Create | Villager (Male) |
| 16:06 | Build | Farm |
| 16:12 | Create | Villager (Male) |
| 16:12 | Create | Villager (Male) |
| 16:18 | Build | House |
| 16:46 | Create | Villager (Male) |
| 16:47 | Research | Scale Barding Armor |
| 16:47 | Research | Scale Barding Armor |
| 16:53 | Build | House |
| 16:54 | Build | House |
| 16:56 | Build | Farm |
| 17:02 | Create | Villager (Male) |
| 17:04 | Build | Farm |
| 17:05 | Build | Farm |
| 17:09 | Build | Watch Tower |
| 17:16 | Create | Villager (Male) |
| 17:30 | Create | Villager (Male) |
| 17:36 | Build | Farm |
| 17:53 | Create | Villager (Male) |
| 17:53 | Create | Villager (Male) |
| 17:54 | Create | Villager (Male) |
| 18:12 | Create | Scout Cavalry |
| 18:13 | Create | Scout Cavalry |
| 18:15 | Create | Villager (Male) |
| 18:18 | Build | Farm |
| 18:19 | Build | Farm |
| 18:38 | Create | Villager (Male) |
| 18:38 | Create | Scout Cavalry |
| 18:52 | Build | House |
| 18:54 | Build | Farm |
| 18:55 | Create | Scout Cavalry |
| 19:03 | Create | Villager (Male) |
| 19:05 | Build | Farm |
| 19:08 | Build | Mining Camp |
| 19:08 | Create | Villager (Male) |
| 19:32 | Research | Forging |
| 19:38 | Create | Villager (Male) |
| 19:39 | Build | Farm |
| 19:55 | Create | Villager (Male) |
| 19:56 | Create | Scout Cavalry |
| 20:01 | Create | Villager (Male) |
| 20:04 | Build | Farm |
| 20:18 | Research | Bloodlines |
| 20:19 | Research | Bloodlines |
| 20:25 | Build | Farm |
| 20:27 | Build | Farm |
Match timeline
| 7:17 | 闲人肥羊 · first_building Donjon |
| 7:55 | 闲人肥羊 · wall_segment Palisade Wall x2 |
| 7:57 | 闲人肥羊 · wall_segment Palisade Wall x1 |
| 7:57 | 闲人肥羊 · wall_segment Palisade Wall x1 |
| 7:58 | 闲人肥羊 · wall_segment Palisade Wall x1 |
| 7:59 | 闲人肥羊 · wall_segment Palisade Wall x1 |
| 7:59 | 闲人肥羊 · wall_segment Palisade Wall x1 |
| 8:32 | 闲人肥羊 · wall_segment Palisade Wall x5 |
| 8:36 | 闲人肥羊 · wall_segment Palisade Wall x6 |
| 8:38 | CHÓ GHẺ DŨNG CẢM · first_building Barracks |
| 8:56 | 闲人肥羊 · age_up feudal |
| 9:16 | CHÓ GHẺ DŨNG CẢM · age_up feudal |
| 9:39 | CHÓ GHẺ DŨNG CẢM · first_building Stable |
| 10:29 | 闲人肥羊 · first_building Archery Range |
| 10:46 | CHÓ GHẺ DŨNG CẢM · wall_segment Palisade Wall x3 |
| 10:50 | CHÓ GHẺ DŨNG CẢM · wall_segment Palisade Wall x2 |
| 12:39 | CHÓ GHẺ DŨNG CẢM · wall_segment Palisade Wall x12 |
| 12:39 | CHÓ GHẺ DŨNG CẢM · wall_segment Palisade Wall x4 |
| 12:50 | CHÓ GHẺ DŨNG CẢM · wall_segment Palisade Wall x8 |
| 12:52 | CHÓ GHẺ DŨNG CẢM · wall_segment Palisade Wall x6 |
| 12:54 | CHÓ GHẺ DŨNG CẢM · wall_segment Palisade Wall x6 |
| 13:15 | 闲人肥羊 · wall_segment Palisade Wall x6 |
| 13:19 | 闲人肥羊 · wall_segment Palisade Wall x16 |
| 15:01 | CHÓ GHẺ DŨNG CẢM · wall_segment Palisade Wall x1 |
| 15:37 | 闲人肥羊 · wall_segment Palisade Wall x1 |
| 16:52 | 闲人肥羊 · wall_segment Palisade Wall x5 |
| 16:56 | 闲人肥羊 · wall_segment Palisade Wall x6 |
| 17:05 | 闲人肥羊 · wall_segment Palisade Wall x2 |
| 17:07 | 闲人肥羊 · wall_segment Palisade Wall x1 |
| 17:32 | 闲人肥羊 · wall_segment Palisade Wall x1 |
| 17:41 | 闲人肥羊 · wall_segment Palisade Wall x1 |
| 17:55 | 闲人肥羊 · wall_segment Palisade Wall x4 |
| 18:25 | 闲人肥羊 · wall_segment Palisade Wall x1 |
| 18:51 | 闲人肥羊 · wall_segment Palisade Wall x4 |
| 20:39 | 闲人肥羊 · first_market_sell 100 wood |
| 20:39 | 闲人肥羊 · first_market_buy 100 food |
| 21:32 | 闲人肥羊 · first_building Stable |
| 23:42 | 闲人肥羊 · age_up castle |
| 24:10 | CHÓ GHẺ DŨNG CẢM · first_building Archery Range |
| 25:08 | CHÓ GHẺ DŨNG CẢM · wall_segment Palisade Wall x1 |
| 25:32 | CHÓ GHẺ DŨNG CẢM · resign |
[ AI ANALYSIS · 1 CREDIT ]
What really happened in this match?
Wolo.gg analyzes every decision: build order, eco, micro, common mistakes by bracket. Personalized analysis on WhatsApp or Discord in 30 seconds.
Civ guide
Sicilians
Map guide
Arabia
Perfil
Jugador #24924483